 Dungeon Crawl Stone Soup version 0.27.0-1-g7a089689b8 (webtiles) character file.

Game seed: 3380779907017520867

15 Spectrina the Magician (level 2, -3/21 HPs)
             Began as a Djinni Necromancer on Aug 17, 2021.
             Was an Initiate of Gozag.
             Slain by a hobgoblin (5 damage)
             ... on level 1 of the Dungeon.
             The game lasted 00:03:51 (376 turns).

Spectrina the Magician (Djinni Necromancer)          Turns: 376, Time: 00:03:52

Health: -3/21      AC:  2    Str:  7    XL:     2   Next: 65%
Gold:   96         EV: 12    Int: 16    God:    Gozag SH:  0 Dex: 13

rFire    + + .     SeeInvis .   c - +0 whip
rCold    x . .     Faith    .   (no shield)
rNeg     . . .     Spirit   .   a - +0 robe
rPois    ∞         Reflect  .   (no helmet)
rElec    .         Harm     .   (no cloak)
rCorr    .         Rampage  .   (no gloves)
Will     .....                  (boots unavailable)
Stlth    ++........             (no amulet)
HPRegen  0.07/turn              (no ring)
MPRegen  0.00/turn              (no ring)

@: gold aura, flying
A: sickness immunity, fire resistance 2, cold vulnerability 1, float, innate
caster, hp casting, extra vitality 1
a: Renounce Religion, Potion Petition, Call Merchant, Bribe Branch


You were on level 1 of the Dungeon.
You worshipped Gozag.
Gozag was noncommittal.
You visited 1 branch of the dungeon, and saw 2 of its levels.

You collected 96 gold pieces.

Inventory:

Hand Weapons
 c - a +0 whip (weapon)
Missiles
 d - 24 sling bullets
Armour
 a - a +0 robe (worn)
Scrolls
 b - a scroll of noise {unknown}
Potions
 e - a potion of berserk rage {unknown}


   Skills:
 - Level 2.1 Dodging
 - Level 1.5 Stealth
 + Level 3.7 Spellcasting


You couldn't memorise any spells.
You knew the following spells:

 Your Spells              Type           Power      Damage    Failure   Level
a - Pain                  Necr           60%        1d7       3%          1
f - Vampiric Draining     Necr           7%         2d7       11%         3
w - Agony                 Necr           15%        N/A       71%         5
M - Animate Skeleton      Necr           30%        N/A       3%          1
N - Animate Dead          Necr           7%         N/A       36%         4
Your spell library was empty.

Dungeon Overview and Level Annotations

Branches:
Dungeon (2/15)

Altars:
Gozag


Innate Abilities, Weirdness & Mutations

You are immune to sickness and miasma.
You are immune to poison.
Your flesh is very heat resistant. (rF++)
You are vulnerable to cold. (rC-)
You float through the air rather than walking.
You learn spells naturally, not from books.
Your magical power is your life essence.
You have superior vitality. (+4 HP)


Message History

As you open the door, it creaks loudly!
There is an open door here.
A giant cockroach comes into view.
Casting: Pain (safe; 3% risk of failure)
Confirm with . or Enter, or press ? or * to list all spells.
Aiming: Pain (safe; 3% risk of failure)
Press: ? - help, Shift-Dir - straight line, f - giant cockroach
Aim: a giant cockroach (wandering, hasn't noticed you, chance to affect: 85%)
The giant cockroach writhes in agony.
You kill the giant cockroach!
* * * LOW HITPOINT WARNING * * *
Unknown command.
You now have 88 gold pieces (gained 8).
A rat comes into view.
Casting: Pain (safe; 3% risk of failure)
Confirm with . or Enter, or press ? or * to list all spells.
Aiming: Pain (safe; 3% risk of failure)
Press: ? - help, Shift-Dir - straight line, f - rat
Aim: a rat (chance to affect: 85%)
The rat writhes in agony!
You kill the rat!
* * * LOW HITPOINT WARNING * * *
Unknown command.
You now have 96 gold pieces (gained 8).
A hobgoblin comes into view.
Casting: Pain (safe; 3% risk of failure)
Confirm with . or Enter, or press ? or * to list all spells.
Aiming: Pain (safe; 3% risk of failure)
Press: ? - help, Shift-Dir - straight line, f - hobgoblin
Aim: a hobgoblin (asleep, chance to affect: 85%)
The hobgoblin shouts!
The hobgoblin barely resists.
* * * LOW HITPOINT WARNING * * *
Unknown command.
Unknown command.
You hit the hobgoblin but do no damage.
The hobgoblin hits you but does no damage.
You closely miss the hobgoblin. The hobgoblin hits you.
You die...
Your body crumbles into a pile of gold.

#
.#########.#
........g..#
#@## #..#
### ###.#
##8###8#.#
##........#
#8........#
##........#
#...##8###
##...####


You could see a hobgoblin.

Vanquished Creatures
  A dart slug (D:2)
  3 ball pythons
  A giant cockroach (D:1)
  A hobgoblin (D:2)
  2 kobolds
  3 bats (D:1)
  2 rats (D:1)
  A spectral kobold (D:1)
14 creatures vanquished.

Notes
Turn   | Place    | Note
-------+----------+-------------------------------------------
     0 | D:1      | Spectrina the Djinni Necromancer began the quest for the
                  | Orb.
     0 | D:1      | Reached XP level 1. HP: 15/15 MP: 0/0
    20 | D:1      | Found a faded altar of an unknown god.
    61 | D:1      | Became a worshipper of Gozag Ym Sagoz the Greedy
   170 | D:2      | Reached XP level 2. HP: 3/21 MP: 0/0
   257 | D:2      | HP: 1/21 [dart slug (1)]
   270 | D:2      | HP: 1/21 [ball python (1)]
   376 | D:1      | Slain by a hobgoblin

Illustrated notes

Levels and vault maps discovered:
D:1:      minmay_arrival_five_plusses, layout_basic,
          dreamdust_ecumenical_altar_drowned_temple, serial_corexii_hall,
          corexii_hall_statues_x, chequers_hall_statues_y,
          corexii_hall_statues_s, chequers_hall_statues_wall_a, st_stairs_12
D:2:      layout_basic, serial_shops, nicolae_shop_statue_plus, shop, shop,
          shop, nicolae_shop_crystal, minmay_liquid_box

Action                   || total
-------------------------++-------
Melee: Whip              ||    18
 Cast: Pain              ||    17
 Stab: Sleeping          ||     1
Armor: Robe              ||     1
Dodge: Dodged            ||    12
